 Dungeon Crawl Stone Soup version 0.22-a0-224-g8cf3520 (webtiles) character file.

105 sunny1234 the Cutter (level 5, -6/32 HPs)
             Began as a Kobold Skald on Feb 20, 2018.
             Mangled by Natasha (7 damage)
             ... on level 2 of the Dungeon.
             The game lasted 00:04:03 (2393 turns).

sunny1234 the Cutter (Kobold Skald)                 Turns: 2393, Time: 00:04:04

Health: -6/32      AC:  3    Str:  9    XL:     5   Next: 8%
Magic:  5/9        EV: 15    Int: 14    God:
Gold:   77         SH:  0    Dex: 15    Spells: 4/9 levels left

rFire    . . .     SeeInvis .   a - +0 short sword
rCold    . . .     Gourm    .   (shield restricted)
rNeg     . . .     Faith    .   b - +0 leather armour
rPois    .         Spirit   .   (no helmet)
rElec    .         Reflect  .   (no cloak)
rCorr    .         Harm     .   (no gloves)
MR       .....                  (no boots)
Stlth    +.........             (no amulet)
HPRegen  0.10/turn              (no ring)
MPRegen  0.11/turn              (no ring)

@: very slightly contaminated, slowed, very slow
A: small, carnivore
a: no special abilities


You were on level 2 of the Dungeon.
You were completely stuffed.

You visited 1 branch of the dungeon, and saw 2 of its levels.

You collected 77 gold pieces.

Inventory:

Hand Weapons
 a - a +0 short sword (weapon)
Armour
 b - a +0 leather armour (worn)
Jewellery
 m - a cursed -3 ring of strength {unknown}
Scrolls
 f - a scroll of fear {unknown}
 h - a scroll of teleportation {unknown}
 j - a scroll of identify {unknown}
 k - a scroll of remove curse {unknown}
 l - a scroll of enchant weapon {unknown}
 n - a scroll of blinking {unknown}
Potions
 d - 3 potions of cancellation {unknown}
 e - 5 potions of curing
 g - a potion of brilliance {unknown}
 i - a potion of agility {unknown}
 o - a potion of berserk rage {unknown}
Comestibles
 c - 6 rations
 p - 3 chunks of flesh


   Skills:
 + Level 3.1 Fighting
 * Level 4.5 Short Blades
 - Level 0.7 Armour
 + Level 3.3 Dodging
 + Level 2.8 Spellcasting
 - Level 2.4 Charms


You had 4 spell levels left.
You knew the following spells:

 Your Spells              Type           Power        Failure   Level  Hunger
a - Infusion              Chrm           #...         11%         1    #......
b - Shroud of Golubria    Chrm/Tloc      #.........   26%         2    ##.....
c - Song of Slaying       Chrm           #.......     16%         2    ##.....


Dungeon Overview and Level Annotations

Branches:
Dungeon (2/15)

Altars:
Gozag

Annotations:
D:2 Natasha


Innate Abilities, Weirdness & Mutations

You are small and have problems with some larger weapons.
You are carnivorous and can eat meat at any time.


Message History

You are no longer magically infusing your attacks.
Natasha stares at you and mumbles some strange words.
The magic dart hits you! Natasha claws you!
You barely miss Natasha.
Natasha is severely wounded.
The white imp gestures at you. The puff of frost hits you!
* * * LOW HITPOINT WARNING * * *
Natasha claws you.
* * * LOW HITPOINT WARNING * * *
You closely miss Natasha.
Natasha is severely wounded.
The white imp closely misses you. Natasha barely misses you.
You hit Natasha but do no damage.
Natasha is severely wounded.
The white imp gestures at you. The puff of frost hits you!
* * * LOW HITPOINT WARNING * * *
Natasha claws you!
You die...

##.. ### .# ....
..# .# #.. #.##.#
#..##.##.#
####...(.##.#
..$......##.#
............#
##.......#..#
#...##@†#..# #..
#h5#..#
#!..##..#..### ..
...........# .
...#..#.##.#
......#.##.#
.......##.##.###
.#.#
................#
#.#...#
#...#.#####.###.#


You could see Natasha and a white imp.

Vanquished Creatures
  Natasha (twice) (D:2)
  An ooze (D:2)
  2 dart slugs (D:1)
  2 leopard geckos (D:1)
  3 giant cockroaches (D:1)
  6 goblins
  9 hobgoblins
  3 kobolds (D:1)
  2 quokkas (D:2)
  2 bats (D:1)
  4 frilled lizards
  9 rats
45 creatures vanquished.

Notes
Turn   | Place    | Note
-------+----------+-------------------------------------------
     0 | D:1      | sunny1234 the Kobold Skald began the quest for the Orb.
     0 | D:1      | Reached XP level 1. HP: 12/12 MP: 3/3
   134 | D:1      | Reached skill level 3 in Short Blades
   141 | D:1      | Reached XP level 2. HP: 12/17 MP: 5/5
   563 | D:1      | Reached XP level 3. HP: 16/22 MP: 6/6
  1871 | D:2      | Learned a level 2 spell: Shroud of Golubria
  1874 | D:2      | Learned a level 2 spell: Song of Slaying
  1879 | D:2      | Found an opulent altar of Gozag.
  1930 | D:2      | Reached XP level 4. HP: 22/27 MP: 7/7
  1967 | D:2      | Reached skill level 4 in Short Blades
  1984 | D:2      | Noticed Natasha
  2003 | D:2      | Killed Natasha
  2020 | D:2      | Noticed Natasha
  2053 | D:2      | Killed Natasha
  2053 | D:2      | Reached XP level 5. HP: 7/32 MP: 0/9
  2381 | D:2      | Noticed Natasha
  2393 | D:2      | HP: 1/32 [white imp/puff of frost[Natasha] (6)]
  2393 | D:2      | Mangled by Natasha

Vault maps used:
D:1:      ncdulo_halloftheorcs, minivault_19
D:2:      nicolae_gozag_cash_rules_everything_around_me, first_ration,
          uniq_natasha

Skill      XL: |  1  2  3  4 |
---------------+-------------+-----
Short Blades   | 3 4 |  4.5
Dodging        | 3 |  3.3
Fighting       | 3 |  3.1
Armour         | |  0.7
Spellcasting   | |  2.8
Charms         | |  2.4

Action                   |  1- 3 |  4- 6 || total
-------------------------+-------+-------++-------
Melee: Short sword       |   125 |    60 ||   185
 Cast: Infusion          |     2 |     4 ||     6
       Shroud of Golubri |       |     1 ||     1
  Eat: Chunk             |    12 |     1 ||    13
Armor: Leather armour    |    22 |     5 ||    27
Dodge: Dodged            |    80 |    31 ||   111

Table legend:
 A = Spawn XP
 B = Non-spawn XP
 C = Spawn XP percentage of total XP
 D = Spawn monster count
 E = Non-spawn monster count
 F = Spawn count percentage of total count
 G = Total turns spent on level
                    A         B        C        D         E        F      G
               +---------+---------+-------+---------+---------+-------+---------
         Total |       0 |     150 |   0.0 |       0 |      45 |   0.0 |  2393
               +---------+---------+-------+---------+---------+-------+---------
           D:1 |       0 |      54 |   0.0 |       0 |      31 |   0.0 |  1607
           D:2 |       0 |      96 |   0.0 |       0 |      14 |   0.0 |   786
               +---------+---------+-------+---------+---------+-------+---------
